 Dungeon Crawl Stone Soup version 0.31-a0-1626-g5cb510d322 (webtiles) character file.

Game seed: 16246012606115136254

18 Newt the Shooter (level 2, 0/19 HPs)
             Began as a Kobold Hunter on Jan 12, 2024.
             Succumbed to an adder's poison
             ... on level 2 of the Dungeon.
             The game lasted 00:00:38 (1008 turns).

Newt the Shooter (Kobold Hunter)                    Turns: 1008, Time: 00:00:39

Health: 0/19       AC:  3    Str:  8    XL:     2   Next: 90%
Magic:  2/2        EV: 14    Int: 10    God:
Gold:   90         SH:  0    Dex: 18    Spells: 1/1 levels left

rFire   . . .        a - +0 shortbow
rCold   . . .        (shield currently unavailable)
rNeg    . . .        c - +0 leather armour
rPois   .            (no helmet)
rElec   .            (no cloak)
rCorr   .            (no gloves)
SInv    .            (no boots)
Will    .....        (no amulet)
Stlth   +++          (no ring)
HPRegen 0.23/turn    (no ring)
MPRegen 0.08/turn

%: no passive effects
@: lethally poisoned (0 -> -3)
A: small, no large weapons, nightstalker 3, screaming 1, MP-powered wands
a: no special abilities


You were on level 2 of the Dungeon.
You visited 1 branch of the dungeon, and saw 2 of its levels.

You collected 90 gold pieces.

Inventory:

Hand Weapons
 a - a +0 shortbow (weapon)
Armour
 c - a +0 leather armour (worn)
Scrolls
 b - a scroll of butterflies
 g - a scroll of poison {unknown}
Potions
 f - a potion of berserk rage


   Skills:
 + Level 3.5 Fighting
 - Level 5.3 Ranged Weapons
 - Level 2.4 Dodging
 - Level 1.3 Stealth


You had one spell level left.
You didn't know any spells.
Your spell library was empty.

Dungeon Overview and Level Annotations

Branches:
Dungeon (2/15)

Altars:


Innate Abilities, Weirdness & Mutations

You are small and have problems with some larger weapons.
You are completely attuned to the shadows.
You occasionally shout uncontrollably at your foes.
You expend magic power (3 MP) to strengthen your wands.


Message History

You shoot an arrow. The arrow misses the adder.
The adder bites you.
You are poisoned.
The adder poisons you! The adder bites you.
You are more poisoned.
The adder poisons you!
You shoot an arrow. The arrow barely misses the adder.
You feel very sick.
The adder bites you but does no damage. x2
You are too injured to fight recklessly!
An adder is nearby!
An adder is nearby!
You are too injured to fight recklessly!
Unknown command.
You shoot an arrow.
The arrow hits the adder but does no damage.
The adder is lightly wounded.
You feel sick. The adder bites you.
You shoot an arrow. The arrow misses the adder.
You feel sick. The adder closely misses you. x2
You shoot an arrow.
The arrow hits the adder but does no damage.
The adder is lightly wounded.
You feel sick. The adder barely misses you.
It was a potion of mutation.
You feel extremely strange.
You feel your magical essence link to the dungeon's wands.
You feel the urge to shout.
You feel sick. The adder bites you.
* * * LOW HITPOINT WARNING * * *
You are lethally poisoned!
The adder poisons you! The adder closely misses you.
As you read the scroll of fear, it crumbles to dust.
You assume a fearsome visage.
The adder looks frightened!
* * * LOW HITPOINT WARNING * * *
You feel sick.
Unknown command.
There is a lethal amount of poison in your body!
There is a lethal amount of poison in your body!
* * * LOW HITPOINT WARNING * * *
You feel sick.
You die...

### #.####
#...S.
#@#######
###.#.....###
#........#...#
...#.#######.#
...#.#.......#
.. #.#.#######
#.#.......#.#
#.......#.#
#.......#.#


You could see an adder (fleeing).

Vanquished Creatures
  An adder (D:2)
  An endoplasm (D:1)
  A goblin (D:2)
  2 ball pythons (D:1)
  4 bats
  A frilled lizard (D:1)
  A kobold (D:1)
11 creatures vanquished.

Notes
Turn   | Place    | Note
-------+----------+-------------------------------------------
     0 | D:1      | Newt the Kobold Hunter began the quest for the Orb.
     0 | D:1      | Reached XP level 1. HP: 12/12 MP: 1/1
   611 | D:1      | Reached XP level 2. HP: 18/18 MP: 2/2
   630 | D:1      | Found a faded altar of an unknown god.
  1005 | D:2      | Gained mutation: You expend magic power (3 MP) to
                  | strengthen your wands. [potion of mutation]
  1005 | D:2      | Gained mutation: You occasionally shout uncontrollably at
                  | your foes. [potion of mutation]
  1008 | D:2      | Succumbed to an adder's poison

Illustrated notes

Levels and vault maps discovered:
D:1:      lightli_molten_gateway, layout_loops_ring,
          hellmonk_ecumenical_altar_run_dry, hangedman_decor_growths
D:2:      layout_basic, uniq_natasha, uniq_robin

Skill      XL: |  1  2 |
---------------+-------+-----
Fighting       | 3 |  3.5
Ranged Weapons | |  5.3
Dodging        | |  2.4
Stealth        | |  1.3

Action                     || total
---------------------------++-------
   Fire: Shortbow          ||    30
    Use: Scroll            ||     3
         Potion            ||     1
 Armour: Leather armour    ||     8
  Dodge: Dodged            ||     8

Table legend: (Time is in decaauts)
 A = Elapsed time spent in this place.
 B = Non-inter-level travel time spent in this place.
 C = Inter-level travel time spent in this place.
 D = Time resting spent in this place.
 E = Time spent auto-exploring this place.
 F = Levels seen in this place.
 G = Mean time per level.
                   A        B        C        D        E       F      G
               +--------+--------+--------+--------+--------+-----+--------+
         Total |   1013 |    940 |     73 |      0 |    870 |   2 |  506.5 |
       Dungeon |   1013 |    940 |     73 |      0 |    870 |   2 |  506.5 |
               +--------+--------+--------+--------+--------+-----+--------+

Top non-repeatable levels by time:
     D:1: 902 daAuts
     D:2: 111 daAuts
